 Dungeon Crawl Stone Soup version 0.24.0-13-gcf9b3192b9 (webtiles) character file.

Game seed: 13490428692491236607, levelgen mode: deterministic

2931 Acheron the Cleaver (level 9, -9/81 HPs)
             Began as a Minotaur Berserker on Nov 6, 2019.
             Was a Priest of Trog.
             Mangled by a tentacled starspawn (27 damage)
             ... on level 1 of the Abyss.
             The game lasted 00:30:26 (6770 turns).

Acheron the Cleaver (Minotaur Berserker)            Turns: 6770, Time: 00:30:27

Health: -9/81      AC: 18    Str: 22      XL:     9   Next: 50%
Magic:  8/8        EV: 11    Int:  7      God:    Trog [***...]
Gold:   318        SH:  0    Dex:  7 (8)  Spells: 8/8 levels left

rFire    . . .     SeeInvis .   G - +5 trident (protect)
rCold    + . .     Gourm    .   (no shield)
rNeg     . . .     Faith    .   s - +1 scale mail (curse)
rPois    +         Spirit   .   D - +1 hat
rElec    .         Reflect  .   l - +0 cloak
rCorr    +         Harm     .   (no gloves)
MR       ++...                  (no boots)
Stlth    +.........             (no amulet)
HPRegen  1.23/turn              C - ring of Vuxkodorchoe {rC+ rCorr Int+2 Dex-4}
MPRegen  0.11/turn              J - ring of poison resistance

@: protection aura, regenerating
A: retaliatory headbutt, horns 2
a: Berserk, Trog's Hand, Renounce Religion


You were on level 1 of the Abyss.
You worshipped Trog.
Trog was most pleased with you.
You were not hungry.

You visited 2 branches of the dungeon, and saw 12 of its levels.
You visited the Abyss 1 time.

You collected 451 gold pieces.
You spent 133 gold pieces at shops.

Inventory:

Hand Weapons
 a - a +1 hand axe
 d - a +0 short sword
 t - a +0 scimitar
 F - a +1 spear
 G - a +5 trident of protection (weapon)
 I - a +2 great mace of draining
Missiles
 e - 2 throwing nets
 h - 175 stones
 p - 7 poisoned darts (quivered)
 x - 8 sling bullets
Armour
 c - a +0 leather armour
 l - a +0 cloak (worn)
 r - a +0 ring mail
 s - a cursed +1 scale mail (worn)
 D - a +1 hat (worn)
Jewellery
 C - the ring of Vuxkodorchoe (left hand) {rC+ rCorr Int+2 Dex-4}
   (You found it on level 7 of the Dungeon)

   [ring of resist corrosion]

   It affects your intelligence (+2).
   It affects your dexterity (-4).
   It protects you from cold.
   It provides partial protection from all sources of acid and corrosion.
 J - a ring of poison resistance (right hand)
Wands
 y - a wand of acid (13)
Scrolls
 f - 5 scrolls of remove curse
 i - 5 scrolls of teleportation
 w - a scroll of magic mapping
 A - 2 scrolls of identify
Potions
 b - 2 potions of mutation
 g - 3 potions of haste
 j - 2 potions of curing
 k - 2 potions of invisibility {unknown}
 m - a potion of ambrosia {unknown}
 n - a potion of agility
 q - 2 potions of cancellation
 u - a potion of lignification
 v - 2 potions of might
Comestibles
 z - 3 rations


   Skills:
 * Level 8.0 Fighting
 - Level 8.2 Axes
 * Level 0.5(5.1) Polearms
 + Level 4.2 Throwing
 * Level 7.7 Armour
 * Level 5.3 Dodging
 * Level 3.9 Stealth
 * Level 1.2 Evocations


You had 8 spell levels left.
You didn't know any spells.
Your spell library was empty.

Dungeon Overview and Level Annotations

Branches:
Dungeon (11/15)            Temple (1/1) D:7
   Lair: D:8-11         Orc: D:9-12

Altars:
Ashenzari
Cheibriados
Dithmenos
Elyvilon
Fedhas
Gozag
Hepliaklqana
Kikubaaqudgha
Makhleb
Nemelex Xobeh
Okawaru
Qazlal
Ru
Sif Muna
Trog
Uskayaw
Wu Jian
Xom
Yredelemnul
Zin
The Shining One

Shops:
D:6 [

Annotations:
D:7 exclusion: downstairs


Innate Abilities, Weirdness & Mutations

You reflexively headbutt those who attack you in melee.
You have a pair of horns on your head.


Message History

You feel somewhat more hungry. The tentacled starspawn bites you!!
The tentacled starspawn engulfs you!
You puncture the tentacled starspawn!
Your weapon exudes an aura of protection.
The tentacled starspawn is lightly damaged.
The tentacled starspawn bites you!! The tentacled starspawn engulfs you.
* * * LOW HITPOINT WARNING * * *
You barely miss the tentacled starspawn.
You headbutt the tentacled starspawn!
The tentacled starspawn is lightly damaged.
Tentacles burst from the starspawn's body!
The tentacled starspawn bites you but does no damage.
The tentacled starspawn engulfs you.
* * * LOW HITPOINT WARNING * * *
2 starspawn tentacles come into view.
You barely miss the tentacled starspawn.
The tentacled starspawn is lightly damaged.
A chaos spawn comes into view.
The tentacled starspawn bites you!!
You die...

..#. .......
........ #
....... .. #.
#.....#.....
#.###...###...#
#..#.....#....
#..@......... §
#.wXw.........
#.............
#..#.....#...
....###...##..##
#.... #.....###
# ...#..
.......§##
4.##...........§
.. .. .......§.


You could see a tentacled starspawn, a chaos spawn (wandering) and 2 starspawn
tentacles.

Vanquished Creatures
  Harold (D:7)
  2 hippogriffs
  Grum (D:9)
  A hungry ghost (D:10)
  A sky beast (D:8)
  An orc warrior (D:6)
  A phantom (D:5)
  3 ogres
  4 wolves (D:9)
  2 bullfrogs
  2 scorpions
  A crimson imp (D:7)
  A quasit (Abyss:1)
  An iron imp (Abyss:1)
  A jelly (D:6)
  2 bullfrog skeletons
  2 orc priests
  3 hounds
  An orc wizard (D:8)
  An iguana (D:7)
  A worker ant (D:8)
  3 gnolls (D:7)
  4 adders
  A worm (D:3)
  3 dart slugs
  2 leopard geckos
  8 orcs
  A giant cockroach (D:8)
  9 goblins
  2 hobgoblins (D:1)
  7 jackals
  6 quokkas
  A ball python (D:4)
  A ball python skeleton (D:4)
  2 bats
  5 frilled lizards
  A jackal zombie (D:5)
  3 kobolds
  5 rats
97 creatures vanquished.

Vanquished Creatures (others)
  2 starspawn tentacles (Abyss:1)
2 creatures vanquished.

Grand Total: 99 creatures vanquished

Notes
Turn   | Place    | Note
-------+----------+-------------------------------------------
     0 | D:1      | Acheron the Minotaur Berserker began the quest for the Orb.
     0 | D:1      | Reached XP level 1. HP: 19/19 MP: 0/0
   157 | D:1      | Reached XP level 2. HP: 27/27 MP: 1/1
   854 | D:2      | Reached XP level 3. HP: 32/34 MP: 2/2
   921 | D:2      | Found a stormy altar of Qazlal.
   922 | D:2      | Found a shimmering blue altar of Sif Muna.
  1931 | D:4      | Reached skill level 1 in Throwing
  1931 | D:4      | Reached XP level 4. HP: 20/41 MP: 3/3
  2099 | D:5      | Entered Level 5 of the Dungeon
  2103 | D:6      | Noticed an ogre
  2108 | D:6      | Killed an ogre
  2108 | D:6      | Reached skill level 5 in Fighting
  2108 | D:6      | Reached skill level 1 in Stealth
  2108 | D:6      | Reached XP level 5. HP: 17/48 MP: 4/4
  2310 | D:6      | Noticed a phantom
  2420 | D:5      | Killed a phantom
  2529 | D:5      | Noticed a slave
  2529 | D:5      | Noticed a slave
  2730 | D:4      | Found Deoryit's Distillery.
  2780 | D:4      | Found an opulent altar of Gozag.
  2861 | D:5      | Noticed an ice beast
  2876 | D:5      | Noticed a phantom
  2909 | D:4      | Reached ** piety under Trog
  2969 | D:4      | Reached XP level 6. HP: 56/56 MP: 5/5
  3188 | D:3      | Reached skill level 5 in Axes
  3413 | D:3      | Found a glowing golden altar of the Shining One.
  3634 | D:4      | Found a sacrificial altar of Ru.
  4215 | D:7      | Got a slimy glass ring
  4286 | D:7      | Identified the ring of Vuxkodorchoe {rC+ rCorr Int+2 Dex-4}
                  | (You found it on level 7 of the Dungeon)
  4314 | D:7      | Reached XP level 7. HP: 57/62 MP: 6/6
  4359 | D:7      | Noticed a hippogriff
  4378 | D:7      | Killed a hippogriff
  4459 | D:7      | Noticed Harold
  4600 | D:6      | Found Mainaew's Antique Armour Emporium.
  4634 | D:6      | Bought a glowing hat for 133 gold pieces
  4648 | D:6      | Found a sparkling altar of Nemelex Xobeh.
  5061 | D:8      | Noticed a two-headed ogre
  5078 | D:8      | You fall into a shaft and drop 2 floors!
  5078 | D:10     | Entered Level 10 of the Dungeon
  5084 | D:10     | Noticed a hippogriff
  5101 | D:10     | Noticed a hungry ghost
  5103 | D:10     | Reached skill level 5 in Armour
  5103 | D:10     | Reached XP level 8. HP: 30/71 MP: 7/7
  5111 | D:10     | Killed a hippogriff
  5415 | D:9      | Noticed Grum
  5426 | D:9      | Killed Grum
  5536 | D:8      | Reached *** piety under Trog
  5557 | D:8      | Reached XP level 9. HP: 42/79 MP: 8/8
  5791 | D:7      | Found a staircase to the Ecumenical Temple.
  5806 | Temple   | Entered the Ecumenical Temple
  6099 | D:7      | Killed Harold
  6099 | D:7      | Reached skill level 5 in Dodging
  6099 | D:7      | Reached skill level 1 in Evocations
  6451 | D:8      | Cast into level 1 of the Abyss (orc)
  6499 | Abyss:1  | Found a snail-covered altar of Cheibriados.
  6531 | Abyss:1  | Noticed a large abomination
  6751 | Abyss:1  | Noticed a tentacled starspawn
  6770 | Abyss:1  | Mangled by a tentacled starspawn

Levels and vault maps discovered:
D:1:      tarquinn_simple_flora_water_f, layout_rooms
D:2:      layout_basic, chequers_temple_overflow_statue_of_worship
D:3:      layout_basic, old_standard_altar, patterned_corridor
D:4:      layout_loops_corners, kennysheep_little_box, serial_shops,
          kennysheep_mini_moat, nicolae_ru_path_of_blood
D:5:      layout_loops_cross, hellmonk_ghost_happy_afterlife, basic_altar,
          first_ration, uniq_pikel
D:6:      layout_loops_ring, lemuel_round_altar, serial_shops,
          nicolae_shop_window_shopping
D:7:      layout_loops_ring, minmay_temple_entry_glass, uniq_harold
D:8:      layout_rooms, lemuel_coloured_pillars_altar,
          grunt_lair_entry_orc_guard_hut, serial_shops, nicolae_shop_statue_plus
D:9:      minmay_thinvault, layout_loops_ring,
          kennysheep_orc_monster_closet_entryway, grunt_ogre_cave,
          david_defended_altar_orc, uniq_joseph, uniq_maurice, uniq_grum
D:10:     layout_basic, basic_altar
D:11:     layout_roguey
Temple:   nicolae_temple_elliptical
Abyss:1

Skill      XL: |  1  2  3  4  5  6  7  8  9 |
---------------+----------------------------+-----
Fighting       | 4 5 6 7 8 |  8.0
Axes           | 4 5 6 7 8 |  8.2
Throwing       | 1 2 3 4 |  4.2
Dodging        | 3 4 5 |  5.3
Stealth        | 1 2 3 |  3.9
Armour         | 3 5 6 7 |  7.7
Evocations     | 1 |  1.2
Polearms       | |  0.5

Action                   |  1- 3 |  4- 6 |  7- 9 || total
-------------------------+-------+-------+-------++-------
Melee: Hand axe          |    66 |   106 |   115 ||   287
       Headbutt          |     7 |    15 |    26 ||    48
       Trident           |       |       |    25 ||    25
Throw: Dart              |       |     3 |       ||     3
Invok: Berserk           |       |       |     3 ||     3
       Trog's Hand       |       |       |     4 ||     4
  Use: Scroll            |     6 |     8 |     7 ||    21
 Stab: Sleeping          |       |     1 |       ||     1
  Eat: Chunk             |     1 |     6 |    11 ||    18
       Ration            |     1 |       |     1 ||     2
Armor: Animal skin       |    10 |       |       ||    10
       Leather armour    |     3 |     4 |       ||     7
       Scale mail        |       |    28 |    60 ||    88
Dodge: Dodged            |    44 |    59 |   101 ||   204
